 Dungeon Crawl Stone Soup version 0.30-b1-2-g02819fbbbe (webtiles) character file.

Game seed: 13123375353784404063

560 Alarkh the Martial Artist (level 7, 53/53 HPs)
             Began as a Demonspawn Chaos Knight on May 20, 2023.
             Was a Plaything of Xom.
             Got out of the dungeon alive.
             The game lasted 00:05:20 (2906 turns).

Alarkh the Martial Artist (Demonspawn Chaos Knight) Turns: 2906, Time: 00:05:20

Health: 53/53      AC:  4    Str: 11 (12) XL:     7   Next: 9%
Magic:  8/8        EV: 12    Int: 15      God:    Xom [...*..]
Gold:   238        SH:  3    Dex: 13      Spells: 7/8 levels left

rFire   . .          .
                       - Unarmed
rCold   + . .        q - +0 buckler
rNeg    . . .        a - +2 leather armour
rPois   .            (no helmet)
rElec   .            (no cloak)
rCorr   +            l - +0 pair of gloves
SInv    .            (no boots)
Will    .....        (no amulet)
Stlth   +            d - ring of protection from cold
HPRegen 0.28/turn    k - ring of resist corrosion
MPRegen 0.22/turn

%: no passive effects
@: no status effects
A: repulsion field 1, spiny 1, magic regeneration, deformed body, inhibited
regeneration
a: Renounce Religion


You escaped.
You worshipped Xom.
You were a favourite toy of Xom.
You visited 1 branch of the dungeon, and saw 4 of its levels.

You collected 238 gold pieces.

Inventory:

Hand Weapons
 w - the +3 whip "Cibbic" {freeze, Str+3}
   (You found it on level 3 of the Dungeon)

   Str:       It affects your strength (+3).
Armour
 a - a +2 leather armour (worn)
 l - a +0 pair of gloves (worn)
 q - a +0 buckler (worn)
Jewellery
 d - a ring of protection from cold (left hand)
 k - a ring of resist corrosion (right hand)
Scrolls
 f - a scroll of brand weapon {unknown}
 h - 3 scrolls of noise {unknown}
 n - a scroll of fear {unknown}
 o - a scroll of fog {unknown}
 p - 2 scrolls of vulnerability {unknown}
 r - a scroll of identify
 s - a scroll of torment {unknown}
 u - a scroll of enchant weapon {unknown}
Potions
 c - 2 potions of might
 e - 3 potions of degeneration
 g - a potion of heal wounds {unknown}
 i - a potion of ambrosia
 j - 2 potions of curing {unknown}
 m - a potion of lignification {unknown}
 t - a potion of flight {unknown}
 v - a potion of mutation {unknown}
Miscellaneous
 b - a piece from Xom's chessboard (15/15) (quivered)


   Skills:
 + Level 3.6 Fighting
 - Level 1.7 Armour
 - Level 0.8 Dodging
 + Level 0.7 Shields
 * Level 13.8 Unarmed Combat
 + Level 1.2 Spellcasting
 + Level 1.2 Transmutations


You had 7 spell levels left.
You knew the following spells:

 Your Spells              Type           Power      Damage    Failure   Level
a - Beastly Appendage     Tmut           8%         N/A       26%         1

Your spell library contained the following spells:

 Spells                   Type           Power      Damage    Failure   Level
 Wereblood                Tmut           4%         N/A       38%         2
 Cigotuvi's Dreadful Rot  Necr/Pois/Air  0%         N/A       56%         2
 Spider Form              Tmut/Pois      2%         N/A       71%         3
 Dispel Undead            Necr           0%         3d6       99%         4
 Passage of Golubria      Tloc           0%         N/A       99%         4
 Silence                  Hex/Air        0%         N/A       100%        5
 Death Channel            Necr           0%         N/A       100%        6
 Lehudib's Crystal Spear  Conj/Erth      0%         10d2      100%        8


Dungeon Overview and Level Annotations

Branches:
Dungeon (4/15)
 Temple: D:4-7

Altars:
Kikubaaqudgha


Innate Abilities, Weirdness & Mutations

You are surrounded by a mild repulsion field. (EV +2)
You are partially covered in sharp spines.
You regenerate magic rapidly.
Armour fits poorly on your strangely shaped body.
You do not regenerate when monsters are visible.


Message History

You hit the iguana but do no damage.
The iguana is heavily wounded.
The iguana bites you!
You completely miss the iguana.
The iguana is heavily wounded.
The iguana closely misses you.
You barely miss the iguana.
The iguana is heavily wounded.
The iguana barely misses you.
You punch the iguana!
The iguana is almost dead.
You barely miss the iguana.
The iguana is almost dead.
The iguana bites you!
You are too injured to fight recklessly!
You are too injured to fight recklessly!
You are too injured to fight recklessly!
You are too injured to fight recklessly!
You hit the iguana.
You kill the iguana!
You see here an iguana corpse.
(D) Dungeon
Where to? (Enter - D:4, ? - help)
What level of the Dungeon? (default 1, ? - help)
Items here: )) ††.
You see here a +0 sling.
There is a stone staircase leading up here.
You climb upwards.
There is a stone staircase leading down here.
You see here a +1 antimagic dagger.
There is a stone staircase leading up here.
You climb upwards.
There is a stone staircase leading down here.
There is a stone staircase leading up here.
You climb upwards.
HP restored.
There is a stone staircase leading down here.
There is a stone staircase leading down here.
There is a staircase leading out of the dungeon here.
Are you sure you want to leave the Dungeon?
This will make you lose the game!
You have escaped!

###.######...## ##.....#...
#.# ##.## ##......#...
#########.# ####.#
##.......#... ......>...#
#....###......####.#
.##########
#.#####..)..#####.## .# #.#
##....######.### .#
#.###...######..##.# .#
#.##..###.#........#
.########
#.#@###.......######
........# #####
###.#......... #######.#
#........... #.#
###........# #.#
###########........#
#.######..........[.......#
#........############.###.#
########## #...... #######


There were no monsters in sight!

Vanquished Creatures
  An ogre (D:4)
  An orc priest (D:3)
  An iguana (D:4)
  An orc wizard (D:3)
  3 gnolls (D:4)
  4 adders
  2 worms
  A dart slug (D:2)
  6 orcs
  10 ball pythons
  11 endoplasms
  2 giant cockroaches
  15 goblins
  15 hobgoblins
  8 kobolds
  3 quokkas
  4 frilled lizards
  5 rats
93 creatures vanquished.

Vanquished Creatures (collateral kills)
  2 endoplasms (D:3)
  A hobgoblin (D:3)
3 creatures vanquished.

Grand Total: 96 creatures vanquished

Notes
Turn   | Place    | Note
-------+----------+-------------------------------------------
     0 | D:1      | Alarkh the Demonspawn Chaos Knight began the quest for the
                  | Orb.
     0 | D:1      | Reached XP level 1. HP: 18/18 MP: 1/1
   159 | D:1      | XOM: silly message
   163 | D:1      | Reached skill level 3 in Unarmed Combat
   165 | D:1      | Gained mutation: You are surrounded by a mild repulsion
                  | field. (EV +2) [demonic ancestry]
   165 | D:1      | Reached XP level 2. HP: 14/24 MP: 2/2
   280 | D:1      | Learned a level 1 spell: Beastly Appendage
   632 | D:1      | XOM: smoke on damage
   939 | D:2      | XOM: silly message
  1003 | D:2      | Gained mutation: You are partially covered in sharp spines.
                  | [demonic ancestry]
  1003 | D:2      | Reached XP level 3. HP: 29/29 MP: 3/3
  1378 | D:2      | Reached XP level 4. HP: 35/35 MP: 5/5
  1379 | D:2      | Reached skill level 1 in Transmutations
  1401 | D:2      | Reached skill level 1 in Spellcasting
  1436 | D:2      | Found a faded altar of an unknown god.
  1743 | D:3      | Reached skill level 11 in Unarmed Combat
  1743 | D:3      | Reached XP level 5. HP: 41/41 MP: 6/6
  1744 | D:3      | Reached skill level 13 in Unarmed Combat
  1744 | D:3      | Reached XP level 6. HP: 47/47 MP: 7/7
  1779 | D:3      | XOM: summons friendly quasit
  1856 | D:3      | XOM: 1-stop teleportation journey
  1910 | D:3      | XOM: give mutation
  1910 | D:3      | Gained mutation: You have a pair of small horns on your
                  | head. [Xom's grace]
  1955 | D:3      | XOM: scenery: 4 doors close
  1985 | D:3      | Found an ancient bone altar of Kikubaaqudgha.
  2158 | D:3      | XOM: stat loss: -1 Str (11/12)
  2199 | D:3      | XOM: 1-stop teleportation journey
  2220 | D:3      | Identified the +3 whip "Cibbic" {freeze, Str+3}
  2255 | D:4      | XOM: 3-stop teleportation journey
  2319 | D:4      | XOM: cloud trail
  2376 | D:4      | XOM: cast spell 'Summon Small Mammal'
  2378 | D:4      | XOM: butterfly on damage
  2590 | D:4      | XOM: give mutations
  2590 | D:4      | Gained mutation: You do not regenerate when monsters are
                  | visible. [Xom's mischief]
  2590 | D:4      | Lost mutation: You have a pair of small horns on your head.
                  | [Xom's mischief]
  2590 | D:4      | Gained mutation: Armour fits poorly on your strangely
                  | shaped body. [Xom's mischief]
  2732 | D:4      | Gained mutation: You regenerate magic rapidly. [demonic
                  | ancestry]
  2732 | D:4      | Reached XP level 7. HP: 46/52 MP: 8/8
  2906 | D:$      | Got out of the dungeon alive.

Illustrated notes

Levels and vault maps discovered:
D:1:      minmay_arrival_pointy, layout_loops_ring, minmay_cut_off
D:2:      layout_loops_cross, hellmonk_ecumenical_altar_leap_of_faith,
          guppyfry_early_orc_mine
D:3:      cheibrodos_greedy_goblins, layout_rooms, amcnicky_altar_gilded
D:4:      layout_cave_pods

Skill      XL: |  1  2  3  4  5 |
---------------+----------------+-----
Unarmed Combat | 3 11 13 | 13.8
Transmutations | 1 |  1.2
Spellcasting   | 1 |  1.2
Fighting       | |  3.6
Armour         | |  1.7
Dodging        | |  0.8
Shields        | |  0.7

Action                     |  1- 3 |  4- 6 |  7- 9 || total
---------------------------+-------+-------+-------++-------
  Melee: Unarmed           |   146 |    78 |    11 ||   235
         Punch             |     6 |       |       ||     6
         Kick              |     4 |       |       ||     4
         Headbutt          |     3 |     4 |       ||     7
   Cast: Beastly Appendage |     3 |       |       ||     3
    Use: Potion            |       |     4 |       ||     4
         Scroll            |       |     2 |       ||     2
   Stab: Sleeping          |       |     1 |       ||     1
 Armour: Leather armour    |    38 |    14 |       ||    52
  Dodge: Dodged            |    85 |    24 |     4 ||   113
  Block: Buckler           |       |     6 |       ||     6
